 Dungeon Crawl Stone Soup version 0.13-a0-2202-g857913d (webtiles) character file.

204 Kae the Firebug (level 4, -3/24 HPs)
             Began as a Tengu Fire Elementalist on July 2, 2013.
             Slain by an adder (4 damage)
             ... on Level 2 of the Dungeon.
             The game lasted 00:02:13 (2147 turns).

Kae the Firebug (Tengu Fire Elementalist)           Turns: 2147, Time: 00:02:13

HP  -3/24        AC  5     Str  8      XL: 4   Next: 24%
MP   8/8         EV 12     Int 17      God:
Gold 133         SH  0     Dex 14      Spells:  2 memorised,  3 levels left

Res.Fire  : . . .   See Invis. : .   i - -1,+1 hand axe
Res.Cold  : . . .   Warding    : .   a - +0 robe
Life Prot.: + . .   Conserve   : .   (no shield)
Res.Poison: .       Res.Corr.  : .   (helmet restricted)
Res.Elec. : .       Clarity    : .   (no cloak)
Sust.Abil.: . .     Spirit.Shd : .   (no gloves)
Res.Mut.  : .       Stasis     : .   (boots unavailable)
Res.Rott. : .       Flight     : .   h - amulet of the gourmand
Gourmand  : +                        o - ring of life protection {unknown}
                                     g - +3 ring of protection

@: mildly poisoned, slightly resistant to hostile enchantments, fairly stealthy
A: beak, talons 3
a: no special abilities


You were on level 2 of the Dungeon.
You were starving.

You visited 1 branch of the dungeon, and saw 2 of its levels.

You collected 113 gold pieces.

Inventory:

Hand weapons
 i - a -1,+1 hand axe (weapon)
Armour
 a - a +0 robe (worn)
Comestibles
 c - 3 bread rations
 j - 3 meat rations
Scrolls
 k - 2 scrolls of remove curse
 m - a scroll of enchant armour {unknown}
 n - a scroll of teleportation {unknown}
 p - a scroll of fog {unknown}
Jewellery
 g - a +3 ring of protection (left hand)
 h - an amulet of the gourmand (around neck)
 o - a ring of life protection (right hand) {unknown}
Potions
 d - a potion of might {unknown}
 e - a potion of heal wounds {unknown}
 f - 2 potions of paralysis {unknown}
 l - a potion of curing {unknown}
 q - 2 potions of magic {unknown}
Books
 b - a book of Flames

   Spells                             Type                      Level
   *Flame Tongue                      Conjuration/Fire             1
   *Throw Flame                       Conjuration/Fire             2
   Conjure Flame                      Conjuration/Fire             3
   Inner Flame                        Hexes/Fire                   3
   Sticky Flame                       Conjuration/Fire             4
   Fireball                           Conjuration/Fire             5


   Skills:
 - Level 2.1 Dodging
 - Level 2.0 Stealth
 + Level 1.6 Spellcasting
 * Level 3.0 Conjurations
 * Level 4.5 Fire Magic


You had 3 spell levels left.
You knew the following spells:

 Your Spells              Type           Power        Failure   Level  Hunger
a - Flame Tongue          Conj/Fire      ##...        4%          1    ##.....
b - Throw Flame           Conj/Fire      ##....       10%         2    ###....


Dungeon Overview and Level Annotations

Branches:
Dungeon (2/27)

Altars:
Fedhas


Innate Abilities, Weirdness & Mutations

You have a beak for a mouth.
You have claws for feet.


Message History

You closely miss the adder.
The adder is severely wounded.
* * * LOW HITPOINT WARNING * * *
You feel sick. The adder misses you. The adder bites you but does no damage.
You hit the adder but do no damage.
The adder is severely wounded.
The adder bites you.
* * * LOW HITPOINT WARNING * * *
You are more poisoned.
The adder poisons you! The adder completely misses you.
You closely miss the adder. Your kick misses the adder.
The adder is severely wounded.
* * * LOW HITPOINT WARNING * * *
You feel sick.
You feel a little better. The adder closely misses you.
You hit the adder but do no damage. Your kick misses the adder.
The adder is heavily wounded.
The adder bites you.
You die...

###### #.# ####.####### ####
####.###..........# ...#
##.#.#>#.#.#.#.#.#.# ...###
#..................# .....#
##.#.#.#.#.#.#.#.#.# )#...#
#..................# #....#
##.#.#.#%#.#.#.#.### ..#..###
#......S..........#
#...#..#####.#.#@#.#.#.#.#.##
..#...#..#####[...####.#####
#...#...#..###(...#....#
..#...#...#.......#....#
#...#...#...###.###....#
..#...#...#.# #.# ####.#
#...#...#...###.# #.#
..#...#...#...#.# ##.##
#...#...#...#.#.#####...#


You could see an adder.

Vanquished Creatures
  3 adders (D:2)
  A giant mite (D:1)
  10 hobgoblins
  A quokka (D:2)
  6 bats
  2 giant newts
  3 goblins
  8 kobolds
  5 rats
39 creatures vanquished.

Notes
Turn   | Place    | Note
--------------------------------------------------------------
     0 | D:1      | Kae, the Tengu Fire Elementalist, began the quest for the Orb.
     0 | D:1      | Reached XP level 1. HP: 10/10 MP: 3/3
   281 | D:1      | Reached XP level 2. HP: 15/15 MP: 5/5
   285 | D:1      | Learned a level 2 spell: Throw Flame
   365 | D:1      | Reached skill level 4 in Fire Magic
   701 | D:1      | Reached XP level 3. HP: 17/19 MP: 5/7
  1055 | D:2      | Found a blossoming altar of Fedhas.
  1638 | D:2      | Reached XP level 4. HP: 17/24 MP: 2/8
  2146 | D:2      | HP: 1/24 [poisoned by an adder]
  2147 | D:2      | Slain by an adder

Action                   |  1- 3 |  4- 6 || total
-------------------------+-------+-------++-------
Melee: Unarmed           |    16 |       ||    16
       Hand axe          |    33 |    30 ||    63
 Cast: Flame Tongue      |    36 |     7 ||    43
       Throw Flame       |     2 |       ||     2
  Use: Scroll            |     3 |       ||     3
 Stab: Sleeping          |     5 |       ||     5
